 Dungeon Crawl Stone Soup version 0.31.0-11-ge490571c62 (webtiles) character file.

Game seed: 10437451904191890491

71 qw the Shooter (level 4, 0/22 HPs)
             Began as a Spriggan Hunter on Feb 3, 2024.
             Frozen to death by an endoplasm (3 damage)
             ... on level 2 of the Dungeon.
             The game lasted 00:00:28 (1394 turns).

qw the Shooter (Spriggan Hunter)                    Turns: 1394, Time: 00:00:28

Health: 0/22       AC:  6    Str: 13    XL:     4   Next: 5%
Magic:  5/5        EV: 19    Int: 10    God:
Gold:   43         SH:  0    Dex: 20    Spells: 3/3 levels left

rFire   . . .        a - +0 shortbow
rCold   . . .        (shield currently unavailable)
rNeg    . . .        c - +0 robe
rPois   .            (helmet restricted)
rElec   .            (no cloak)
rCorr   .            (gloves unavailable)
SInv    +            (boots unavailable)
Will    .....        (no amulet)
Stlth   ++           h - +6 ring of strength
HPRegen 0.23/turn    e - +4 ring of protection
MPRegen 0.09/turn

%: no passive effects
@: very quick
A: very small, no large weapons, unfitting armour, see invisible, speed 3
a: no special abilities


You were on level 2 of the Dungeon.
You visited 1 branch of the dungeon, and saw 2 of its levels.

You collected 43 gold pieces.


Innate Abilities, Weirdness & Mutations

You are very small and have problems with some larger weapons.
You are too small for most types of armour.
You have supernaturally acute eyesight. (SInv)
You cover ground extremely quickly. (Speed+++)


   Skills:
 - Level 1.5 Fighting
 - Level 5.1 Ranged Weapons
 + Level 4.1 Dodging
 - Level 1.5 Stealth


You had 3 spell levels left.
You didn't know any spells.
Your spell library was empty.

Inventory:

Hand Weapons
 a - a +0 shortbow (weapon)
Armour
 c - a +0 robe (worn)
Jewellery
 e - a +4 ring of protection (right hand)
 h - a +6 ring of strength (left hand)
Scrolls
 b - 2 scrolls of fog {unknown}
 f - a scroll of brand weapon {unknown}
Potions
 d - a potion of curing
 g - a potion of might {unknown}

Dungeon Overview and Level Annotations

Branches:
Dungeon (2/15)

Altars:


Message History

The orc shouts!
You hear a shout!
You hear an angry hiss.
The orc shouts!
You shoot an arrow.
The arrow hits the orc but does no damage.
You shoot an arrow. The arrow hits the orc.
The orc is lightly wounded.
The orc hits you but does no damage.
You shoot an arrow.
The arrow hits the orc but does no damage.
The orc is lightly wounded.
The orc hits you with a +0 short sword.
You shoot an arrow. The arrow hits the orc.
The orc is almost dead.
The orc barely misses you. The orc hits you but does no damage.
You shoot an arrow. The arrow hits the orc.
You kill the orc!
An endoplasm comes into view.
An orc priest comes into view. It is wielding a +0 whip.
You shoot an arrow. The arrow barely misses the orc.
The orc completely misses you.
You shoot an arrow. The arrow hits the orc.
The orc is severely wounded.
The orc priest miscasts a cantrip.
The orc barely misses you.
You shoot an arrow.
The arrow hits the orc but does no damage.
The orc is severely wounded.
The orc closely misses you.
You shoot an arrow. The arrow hits the orc.
The orc is almost dead.
You shoot an arrow. The arrow closely misses the orc.
The orc closely misses you. The orc priest hits you with a +0 whip.
You shoot an arrow. The arrow hits the orc.
You kill the orc!
The endoplasm hits you.
The orc priest mumbles some strange prayers to Beogh against you.
Beogh smites you!
Ouch! That really hurt!
The endoplasm freezes you.
You are frozen.
You die...

##### ####.#.## ###
### ........# ###..
... .....#..# #.^..
.. ........# #.#.#
.. ####....####.#.#
.# ##......#.#.# .#
######..##)#.#.##o#
........##.)...J@)#
######.#####.#.####
######.........#
.........###.####
...#####.#...... .
#)#.#.#.......
#.#.#.#.##.#.#
#.#.#.#.##.#.#
..####.#.#.#.##.#(#


You could see an orc priest and an endoplasm.

Vanquished Creatures
  An orc priest (D:2)
  A ribbon worm (D:2)
  2 dart slugs (D:1)
  3 orcs (D:2)
  A ball python (D:1)
  2 endoplasms
  2 giant cockroaches (D:1)
  4 goblins (D:1)
  4 hobgoblins
  A quokka (D:1)
  4 bats
  3 frilled lizards (D:1)
  3 kobolds (D:1)
  4 rats (D:1)
35 creatures vanquished.

Notes
Turn   | Place    | Note
-------+----------+-------------------------------------------
     0 | D:1      | qw the Spriggan Hunter began the quest for the Orb.
     0 | D:1      | Reached XP level 1. HP: 10/10 MP: 2/2
     0 | D:1      | 0 ||| qw: Version: 0.3-a-155-g5e7d8dd
     0 | D:1      | 0 ||| qw: Game counter: 3102
     0 | D:1      | 0 ||| qw: Melee chars always use a shield: true
     0 | D:1      | 0 ||| qw: God list: Okawaru
     0 | D:1      | 0 ||| qw: Allow faded altars: false
     0 | D:1      | 0 ||| qw: Do Orc after clearing Dungeon:15 true
     0 | D:1      | 0 ||| qw: Do second Lair branch before Depths: true
     0 | D:1      | 0 ||| qw: Lair rune preference: random
     0 | D:1      | 0 ||| qw: Goals: Normal
     0 | D:1      | 0 ||| PLANNING D:1-11
    67 | D:1      | Reached skill level 3 in Dodging
   182 | D:1      | Reached XP level 2. HP: 14/14 MP: 3/3
   308 | D:1      | 308 ||| RETREEEEATING.
   657 | D:1      | You fall into a shaft and drop 1 floor!
   690 | D:2      | Reached XP level 3. HP: 17/18 MP: 4/4
   812 | D:2      | 812 ||| UPGRADING to +6 ring of strength.
   813 | D:2      | 813 ||| READING scroll labelled HUUKHL LAVAEXAM.
   814 | D:2      | 814 ||| READING scroll labelled XEUFITWOFFO.
   915 | D:2      | 915 ||| READING scroll labelled LUCZIEMIDGH.
   916 | D:2      | 916 ||| DROPPING scroll of butterflies.
  1173 | D:1      | 1173 ||| UPGRADING to +4 ring of protection.
  1174 | D:1      | 1174 ||| READING scroll labelled FONTUGGAUX.
  1174 | D:1      | 1174 ||| IDENTIFYING golden potion
  1343 | D:2      | 1343 ||| DROPPING +1 heavy sling.
  1377 | D:2      | Reached skill level 5 in Ranged Weapons
  1378 | D:2      | Reached XP level 4. HP: 22/22 MP: 5/5
  1394 | D:2      | HP: 3/22 [orc priest/divine providence (15)]
  1394 | D:2      | Frozen to death by an endoplasm

Levels and vault maps discovered:
D:1:      mrwooster_arrival_statue_2, layout_loops_corners, minmay_box_of_dots
D:2:      minmay_wonky_spiral, layout_basic, lightli_corner_chamber

Skill      XL: |  1  2  3 |
---------------+----------+-----
Dodging        | 3 4 |  4.1
Ranged Weapons | 5 |  5.1
Fighting       | |  1.5
Stealth        | |  1.5

Action                     |  1- 3 |  4- 6 || total
---------------------------+-------+-------++-------
   Fire: Shortbow          |   109 |    11 ||   120
    Use: Scroll            |     4 |       ||     4
 Armour: Robe              |    14 |     5 ||    19
  Dodge: Dodged            |    42 |     5 ||    47

Table legend:
 A = Non-vault XP
 B = Vault XP
 C = Vault XP percentage of total XP
 D = Non-vault monster count
 E = Vault monster count
 F = Vault count percentage of total count
                 A         B        C        D         E       F
            +---------+---------+-------+---------+---------+-------
      Total |      95 |      10 |   9.5 |      29 |       6 |  17.1
            +---------+---------+-------+---------+---------+-------
        D:1 |      33 |      10 |  23.3 |      19 |       6 |  24.0
        D:2 |      62 |       0 |   0.0 |      10 |       0 |   0.0
            +---------+---------+-------+---------+---------+-------
